 Dungeon Crawl Stone Soup version 0.28.0 (webtiles) character file.

Game seed: 7394821870142665083

1542 crazypyro the Cleaver (level 8, -6/66 HPs)
             Began as a Minotaur Fighter on Feb 6, 2022.
             Was an Initiate of Makhleb.
             Shot with an arrow by a centaur (12 damage)
             ... on level 6 of the Dungeon.
             The game lasted 00:05:50 (5951 turns).

crazypyro the Cleaver (Minotaur Fighter)            Turns: 5951, Time: 00:05:51

Health: -6/66      AC:  2    Str: 22    XL:     8   Next: 56%
Magic:  7/7        EV: 13    Int:  5    God:    Makhleb [......]
Gold:   272        SH:  5    Dex: 11    Spells: 7/7 levels left

rFire   + . .      SeeInvis .   a - +2 war axe
rCold   + + +      Faith    .   c - +0 buckler
rNeg    . . .      Spirit   .   l - +0 robe of Generosity {rC+ Slay+3}
rPois   .          Reflect  .   (helmet restricted)
rElec   .          Harm     .   y - scarf {rC+ rF+}
rCorr   +          Rampage  .   (no gloves)
Will    .....      Clarity  +   (no boots)
Stlth   +.........              (no amulet)
HPRegen 0.21/turn               t - ring of resist corrosion
MPRegen 0.10/turn               k - ring of protection from cold

@: no status effects
A: horns 2, retaliatory headbutt, clarity
a: Renounce Religion


You were on level 6 of the Dungeon.
You worshipped Makhleb.
Makhleb was noncommittal.
You visited 2 branches of the dungeon, and saw 7 of its levels.

You collected 272 gold pieces.

Inventory:

Hand Weapons
 a - a +2 war axe (weapon)
Armour
 b - a +0 scale mail
 c - a +0 buckler (worn)
 f - a +0 plate armour
 l - the +0 robe of Generosity (worn) {rC+ Slay+3}
   (You found it on level 2 of the Dungeon)

   Slay:      It affects your accuracy & damage with ranged weapons and melee
   (+3).
   rC:        It protects you from cold.
 y - a scarf of resistance (worn)
Jewellery
 e - a +6 ring of intelligence
 g - a ring of fire
 k - a ring of protection from cold (right hand)
 m - a ring of wizardry
 r - an amulet of magic regeneration
 t - a ring of resist corrosion (left hand)
Wands
 n - a wand of flame (9)
 o - a wand of iceblast (19)
 u - a wand of charming (12)
Scrolls
 h - 4 scrolls of identify
 s - a scroll of immolation {unknown}
 z - a scroll of fear {unknown}
Potions
 d - a potion of might
 i - a potion of degeneration {unknown}
 j - 2 potions of curing {unknown}
 p - a potion of haste {unknown}
 q - 3 potions of brilliance {unknown}
 v - a potion of ambrosia {unknown}
 w - a potion of resistance {unknown}
 x - 2 potions of heal wounds {unknown}


   Skills:
 - Level 4.0 Fighting
 * Level 9.9 Axes
 - Level 4.0 Armour
 + Level 5.4 Dodging
 + Level 6.6 Shields


You had 7 spell levels left.
You didn't know any spells.
Your spell library contained the following spells:

 Spells                   Type           Power      Damage    Failure   Level
 Apportation              Tloc           0%         N/A       56%         1
 Magic Dart               Conj           0%         1d3       56%         1
 Call Imp                 Summ           0%         N/A       71%         2
 Ensorcelled Hibernation  Hex/Ice        0%         N/A       71%         2
 Static Discharge         Conj/Air       0%         N/A       71%         2
 Mephitic Cloud           Conj/Pois/Air  0%         N/A       90%         3
 Spider Form              Tmut/Pois      0%         N/A       90%         3
 Anguish                  Hex/Necr       0%         N/A       100%        4
 Dispel Undead            Necr           0%         3d6       100%        4
 Sticky Flame             Conj/Fire      0%         2d3       100%        4
 Alistair's Intoxication  Tmut/Pois      0%         N/A       100%        5


Dungeon Overview and Level Annotations

Branches:
Dungeon (6/15)             Temple (1/1) D:5

Altars:
Ashenzari
Cheibriados
Dithmenos
Elyvilon
Gozag
Kikubaaqudgha
Makhleb
Nemelex Xobeh
Okawaru
Sif Muna
Trog
Vehumet
Wu Jian
Xom
Yredelemnul
The Shining One

Annotations:
D:5 1 runed translucent door, Crazy Yiuf
D:6 Grinder


Innate Abilities, Weirdness & Mutations

You have a pair of horns on your head.
You reflexively headbutt those who attack you in melee.
You possess an exceptional clarity of mind.


Message History

z - a scroll labelled RANWUFU VISUHIAXI
There is an open door here.
There is an open door here.
Grinder comes into view.
Grinder shouts!
Grinder gestures at you.
You suddenly lose the ability to move!
Grinder gestures at you.
You shrug off the repeated paralysis!
You can move again.
A centaur comes into view.
Grinder blinks!
The centaur shouts!
The centaur wields a +0 shortbow.
The centaur shoots an arrow.
The arrow barely misses you.
The centaur shoots an arrow.
The arrow hits you.
Grinder says, "I used to sell toenails on the black market."
Grinder hits you.
You writhe in agony.
You slash Grinder!
Grinder is lightly wounded.
You block Grinder's attack.
The centaur shoots an arrow.
The arrow hits you!
You slash Grinder!
Grinder is moderately wounded.
The centaur shoots an arrow.
The arrow barely misses you. You block Grinder's attack.
The centaur shoots an arrow.
The arrow hits you! Grinder hits you!
* * * LOW HITPOINT WARNING * * *
Grinder barely misses you.
There is an open door here.
You slash Grinder!
Grinder is severely wounded.
The centaur shoots an arrow.
The arrow closely misses you.
Grinder blinks!
Grinder hits you.
* * * LOW HITPOINT WARNING * * *
You writhe in agony.
* * * LOW HITPOINT WARNING * * *
You slash Grinder!
Grinder is almost dead.
The centaur shoots an arrow.
The arrow hits you!
You die...

#....#....'..#.........
#....#....#..#.........
#....#....#..#)........
#... #....#..'.........
#..###....#'##.........
#..#.............####..
#..#.............# #..
#.c#.............# #..
#..'..@5.......).# #..
#..#.............# ###
############.....#
#.....# #.....# #.....#
#######


You could see Grinder and a centaur.

Vanquished Creatures
  Duvessa (D:5)
  An orc warrior (D:6)
  A black bear (D:4)
  2 necrophages
  A sky beast (D:5)
  An ogre (D:5)
  A bullfrog (D:3)
  A water moccasin zombie (D:5)
  Dowan (D:5)
  4 wights (D:4)
  A bullfrog zombie (D:5)
  A jelly (D:6)
  2 hounds
  An orc priest (D:5)
  4 orc wizards
  5 iguanas
  A mummy (D:4)
  8 adders
  An ufetubus (D:4)
  3 worms (D:2)
  A dart slug (D:1)
  14 orcs
  8 endoplasms
  A giant cockroach (D:2)
  6 goblins
  6 hobgoblins
  5 jackals
  7 kobolds
  2 quokkas (D:1)
  13 ball pythons
  7 bats
  3 frilled lizards (D:1)
  A kobold zombie (D:4)
  An orc zombie (D:4)
  11 rats
127 creatures vanquished.

Notes
Turn   | Place    | Note
-------+----------+-------------------------------------------
     0 | D:1      | crazypyro the Minotaur Fighter began the quest for the Orb.
     0 | D:1      | Reached XP level 1. HP: 19/19 MP: 0/0
    16 | D:1      | Found a faded altar of an unknown god.
   125 | D:1      | Reached XP level 2. HP: 14/27 MP: 1/1
   431 | D:1      | Reached skill level 3 in Axes
   456 | D:1      | Reached XP level 3. HP: 33/33 MP: 2/2
   912 | D:2      | Reached skill level 4 in Axes
  1125 | D:2      | Reached XP level 4. HP: 25/40 MP: 3/3
  1320 | D:2      | Identified the +0 robe of Generosity {rC+ Slay+3}
  1690 | D:3      | Reached skill level 5 in Axes
  1874 | D:3      | Noticed a necrophage
  1881 | D:3      | Killed a necrophage
  1882 | D:3      | Reached skill level 1 in Dodging
  1882 | D:3      | Reached XP level 5. HP: 46/46 MP: 4/4
  1990 | D:3      | Reached skill level 6 in Axes
  1990 | D:3      | Reached XP level 6. HP: 36/52 MP: 5/5
  2517 | D:4      | Reached skill level 7 in Axes
  2687 | D:4      | Gained mutation: You have very sharp teeth. [potion of
                  | mutation]
  2687 | D:4      | Gained mutation: You expend magic power (3 MP) to
                  | strengthen your wands. [potion of mutation]
  2687 | D:4      | Gained mutation: Your magical capacity is low. (-10% MP)
                  | [potion of mutation]
  2688 | D:4      | Lost mutation: You have very sharp teeth. [potion of
                  | mutation]
  2688 | D:4      | Lost mutation: You expend magic power (3 MP) to strengthen
                  | your wands. [potion of mutation]
  2688 | D:4      | Lost mutation: Your magical capacity is low. (-10% MP)
                  | [potion of mutation]
  2688 | D:4      | Gained mutation: You possess an exceptional clarity of
                  | mind. [potion of mutation]
  2753 | D:4      | Reached XP level 7. HP: 12/59 MP: 6/6
  3128 | D:4      | Reached skill level 5 in Shields
  3257 | D:4      | Found a shimmering altar of Xom.
  3306 | D:4      | Reached skill level 8 in Axes
  3662 | D:4      | Found a bloodstained altar of Trog.
  3869 | D:5      | Entered Level 5 of the Dungeon
  4412 | D:5      | Reached XP level 8. HP: 66/66 MP: 7/7
  4415 | D:5      | Reached skill level 9 in Axes
  4417 | D:5      | Noticed Duvessa
  4419 | D:5      | Noticed Dowan
  4425 | D:5      | Killed Duvessa
  4430 | D:5      | Killed Dowan
  4431 | D:5      | Reached skill level 5 in Dodging
  4581 | D:5      | Found an ancient bone altar of Kikubaaqudgha.
  4655 | D:5      | Found an iron altar of Okawaru.
  4733 | D:5      | Found a runed translucent door.
  4734 | D:5      | Noticed Crazy Yiuf
  4841 | D:5      | Found a staircase to the Ecumenical Temple.
  4855 | Temple   | Entered the Ecumenical Temple
  4885 | Temple   | Became a worshipper of Makhleb the Destroyer
  5780 | D:6      | Found a shimmering blue altar of Sif Muna.
  5819 | D:6      | Found the +7 Kryia's mail coat {PotionHeal*2 rC+}
  5937 | D:6      | Noticed Grinder
  5937 | D:6      | Paralysed by Grinder for 4 turns
  5951 | D:6      | Shot with an arrow by a centaur

Illustrated notes

Levels and vault maps discovered:
D:1:      minmay_arrival_cross, layout_rooms, basic_ecumenical_altar,
          nicolae_figureground_pulse
D:2:      minmay_skewed_foursquare, layout_rooms
D:3:      layout_rooms, minmay_fractal_squares_5
D:4:      layout_cave_pods, xom_butterflies, trog_book, portal_sewer_entry_b,
          nicolae_ossuary_entry_giza
D:5:      layout_basic, okawaru_trees_1, lemuel_tele_altar,
          minmay_temple_entry_statues_fountains, small_statue_alley_b,
          uniq_crazy_yiuf_cottage, uniq_duvessa
D:6:      layout_gridville, lemuel_doored_altar, mainiacjoe_overflow_catwalk,
          uniq_grinder
Temple:   minmay_temple_bridge_abc

Skill      XL: |  1  2  3  4  5  6  7  8 |
---------------+-------------------------+-----
Fighting       | 4 |  4.0
Armour         | 4 |  4.0
Shields        | 4 5 6 |  6.6
Axes           | 3 4 5 6 7 8 9 |  9.9
Dodging        | 1 2 3 4 5 |  5.4

Action                   |  1- 3 |  4- 6 |  7- 9 || total
-------------------------+-------+-------+-------++-------
Melee: War axe           |    88 |    64 |    94 ||   246
       Headbutt          |     9 |    10 |    16 ||    35
  Use: Scroll            |       |     3 |     2 ||     5
       Potion            |       |     2 |       ||     2
 Stab: Sleeping          |       |     1 |     1 ||     2
Armor: Plate armour      |    60 |       |       ||    60
       Scale mail        |     4 |       |       ||     4
       Robe              |       |     8 |     8 ||    16
Dodge: Dodged            |    26 |    43 |    39 ||   108
Block: Buckler           |    32 |     6 |    21 ||    59
